[Event "USA Championship 2022"]
[Site "Saint Louis"]
[Date "2022.10.12"]
[Round "7.7"]
[White "Shankland, Sam"]
[Black "Sevian, Samuel"]
[Result "1/2-1/2"]
[ECO "C83"]
[WhiteElo "2712"]
[BlackElo "2684"]
[Annotator "TA"]
[PlyCount "103"]
[EventDate "2022.09.05"]
[EventType "tourn"]
[EventCountry "USA"]
[SourceTitle "playchess.com"]
[Source "ChessBase"]
[SourceQuality "1"]
[TimeControl "40/5400+30:1800+30"]

1. e4 e5 2. Nf3 Nc6 3. Bb5 a6 4. Ba4 Nf6 5. O-O Nxe4 6. d4 b5 7. Bb3 d5 8. dxe5 Be6 9. Nbd2 Be7 10. c3 O-O 11. Bc2 f5 12. Nb3 Qd7 13. Nfd4 Nxd4 14. Nxd4 c5 15. Nxe6 Qxe6 16. f3 {[%emt 0:00:05] C83: Open Ruy Lopez: 9 c3 Be7.} Ng5 17. Bf4 Rad8 {[%emt 0:08:26] [#]} 18. Kh1 $146 ({Predecessor:} 18. Qd2 Nf7 19. Rfe1 g6 20. a4 b4 21. cxb4 cxb4 22. Bb3 Bc5+ 23. Kh1 Rfe8 24. Rad1 {1-0 (31) Pourkashiyan,A (2322)-Tokhirjonova,G (2350) Chess.com INT 2021}) 18... Kh8 19. Qd2 h6 20. h4 Nh7 21. Bg3 d4 $1 22. cxd4 $1 Rxd4 23. Qe1 h5 24. Bf2 Rd5 25. f4 c4 (25... Rfd8 $14) 26. Qe2 (26. b3 $16) 26... g6 27. Rfd1 Rfd8 28. Rxd5 Rxd5 29. a4 Nf8 30. axb5 axb5 31. Kh2 Rd7 32. Rd1 Qc6 33. Rxd7 Qxd7 34. g3 Ne6 35. Be3 Kg7 36. b3 (36. Bd1 $11) 36... c3 $15 37. Bd3 Nd4 38. Bxd4 Qxd4 {[%emt 0:00:01][%mdl 4096] Endgame KQB-KQB} 39. Bc2 Bc5 40. Kh3 Qd5 41. Qg2 Qd7 42. Qf3 b4 43. Bd3 Be7 44. Bc2 Qd2 45. Bd3 {[%emt 0:00:00] The position is equal.} c2 46. Qb7 $1 c1=Q {[%emt 0:01:44] [#] ( -> ...Qc5)} 47. Qxe7+ Kh6 48. Qf8+ Kh7 49. Qe7+ Kh6 50. Qf8+ Kh7 {[%emt 0:00:04][%cal Rc1h1] [#]} 51. Qe7+ Kh6 52. Qf8+ {[%emt 0:00:10] Weighted Error Value: White=0.09 (flawless) /Black=0.07 (flawless)} 1/2-1/2

[Event "USA Championship 2022"]
[Site "Saint Louis"]
[Date "2022.10.13"]
[Round "8.1"]
[White "Sevian, Samuel"]
[Black "Caruana, Fabiano"]
[Result "1/2-1/2"]
[ECO "E20"]
[WhiteElo "2684"]
[BlackElo "2763"]
[Annotator "TA"]
[PlyCount "93"]
[EventDate "2022.09.05"]
[EventType "tourn"]
[EventCountry "USA"]
[SourceTitle "playchess.com"]
[Source "ChessBase"]
[SourceQuality "1"]
[TimeControl "40/5400+30:1800+30"]

1. d4 Nf6 2. c4 e6 3. Nc3 Bb4 4. f3 d5 5. a3 Be7 6. e4 dxe4 {[%emt 0:00:55] E20: Nimzo-Indian: 4 g3 and 4 f3.} 7. fxe4 c5 8. d5 exd5 9. exd5 O-O 10. Be2 $1 {[%emt 0:00:07] 10.Be2 scores better than 10.Nf3.} a6 11. Nf3 Bd6 12. O-O h6 {[%emt 0:00:42] [#]} 13. Ne1 $146 ({Predecessor:} 13. h3 Bf5 14. Nh4 Bh7 15. Bd3 Bxd3 16. Qxd3 Nbd7 17. Nf5 Ne5 18. Qg3 Nh5 19. Qf2 {1-0 (25) Sabuk,P (2398)-Bartos,J (2156) Brno 2021}) 13... Nbd7 14. Nd3 b5 15. cxb5 (15. Bf4 $11 Bxf4 16. Nxf4 (16. Rxf4 Re8 $11)) 15... axb5 $15 16. Be3 Re8 17. Bf2 Rb8 18. Bf3 b4 19. axb4 c4 20. Nc5 Rxb4 21. Nxd7 ({White should try} 21. N5e4 $15 Nxe4 22. Nxe4) 21... Nxd7 22. Ne4 Be5 23. Bd4 (23. Ra2 $1 $15) 23... Bb7 24. Qd2 Bxd4+ 25. Qxd4 Ne5 26. Rad1 Nxf3+ (26... Rb5 {is interesting.} 27. Nc5 Ba8 28. Be4 Qd6) 27. Rxf3 {[%emt 0:03:05] [#] aiming for Rg3.} Qxd5 $1 28. Qxd5 Bxd5 29. Rxd5 {[%emt 0:00:05] Strongly threatening Rd4.} Rxe4 $17 {[%emt 0:00:04][%mdl 4096] Endgame KRR-KRR} 30. Rd2 Rb6 31. Rc2 g5 32. h3 Kg7 33. Rfc3 {[%emt 0:00:22] [#]} Rb4 $1 34. Kh2 h5 35. b3 cxb3 {[%emt 0:01:58] Threatens to win with ...b2.} 36. Rb2 f5 37. Rbxb3 Rxb3 38. Rxb3 {[%emt 0:00:02] KR-KR} Re6 (38... h4 $17 39. Rb7+ Kg6 40. Rb6+ Kg7) 39. Rb4 {[%emt 0:01:16] [#]} (39. h4 $11) 39... Kf6 (39... h4 $1 $17 40. Rb5 Kf6) 40. h4 $1 $11 {[%emt 0:02:52] The position is equal.} g4 41. Kg3 Re2 42. Rb6+ Ke5 43. Rb5+ Ke4 44. Rb4+ Ke5 45. Rb5+ Ke4 {[%emt 0:00:03] ( -> ...f4+)} 46. Rb4+ Ke5 {[%emt 0:00:04][%cal Of5f4] White must now prevent ...f4+!} 47. Rb5+ {[%emt 0:00:23] Weighted Error Value: White=0.15 (very precise) /Black=0.10 (very precise)} 1/2-1/2

[Event "USA Championship 2022"]
[Site "Saint Louis"]
[Date "2022.10.13"]
[Round "8.2"]
[White "Yoo, Christopher Woojin"]
[Black "Xiong, Jeffery"]
[Result "0-1"]
[ECO "B12"]
[WhiteElo "2563"]
[BlackElo "2690"]
[Annotator "TA"]
[PlyCount "100"]
[EventDate "2022.09.05"]
[EventType "tourn"]
[EventCountry "USA"]
[SourceTitle "playchess.com"]
[Source "ChessBase"]
[SourceQuality "1"]
[TimeControl "40/5400+30:1800+30"]

1. e4 c6 2. d4 d5 3. f3 Qb6 4. Nc3 dxe4 5. fxe4 e5 $1 6. Nf3 {[%emt 0:02:55] B12: Caro-Kann: Advance Variation.} exd4 7. Qxd4 {[%emt 0:00:29] [#]} Be6 $146 ({Predecessor:} 7... Qxd4 8. Nxd4 Bc5 9. Nf5 g6 10. Be3 Bxe3 11. Nxe3 Be6 12. Nc4 Bxc4 13. Bxc4 Nd7 {½-½ (75) Benjamin,J (2575)-Kacheishvili,G (2606) ICC INT 2009}) 8. Bf4 {[%emt 0:11:36] The position is equal.} Ne7 9. Bd6 Ng6 10. Bxf8 Rxf8 (10... Qxd4 $11 11. Nxd4 Rxf8) 11. O-O-O (11. Qxg7 $14 Qxb2 12. Rb1) 11... Qxd4 $11 12. Nxd4 Ne5 13. Nf5 Bxf5 14. exf5 Nbd7 15. Be2 O-O-O 16. g4 Kc7 17. g5 Rh8 18. h4 h6 19. Ne4 hxg5 20. hxg5 Nb6 21. Rxh8 Rxh8 22. f6 g6 23. c4 $2 {[%emt 0:04:52] Now White is beyond hope.} (23. Re1 $15) 23... Nbxc4 $19 ({Weaker is} 23... Rh2 24. Re1 $15) 24. Bxc4 Nxc4 {[%emt 0:00:03][%mdl 4096] Endgame KRN-KRN} 25. Nc5 {[%emt 0:00:03] aiming for Rd7+.} Nd6 26. Re1 {[%emt 0:00:08] [#]} Re8 $1 27. Rxe8 (27. Re7+ $17 {was called for.} Rxe7 28. fxe7) 27... Nxe8 $17 {[%emt 0:00:02] KN-KN} 28. Kd2 (28. Ne6+ {was forced.} Kc8 29. Nf4) 28... b6 $19 29. Nd3 Kd6 {[%emt 0:00:12] Inhibits Ne5.} 30. Ke3 Nc7 31. Ke4 $2 (31. Nf2 Ne6 32. Ne4+ Ke5 33. Kf3) 31... Ne6 32. Ne5 Nxg5+ 33. Kf4 Ne6+ 34. Ke4 Nd8 35. Kf4 Ke6 36. Ng4 Nb7 37. Kg5 Nc5 38. Nf2 Nd7 39. Nd3 Nxf6 {[%emt 0:00:31] White must now prevent ...Ne4+.} 40. Nb4 c5 41. Nc6 a5 42. Nd8+ Ke7 43. Nc6+ Kd7 44. Ne5+ Ke6 45. Nc4 Nd7 46. a4 Kd5 47. b3 Kd4 {[%emt 0:00:14] [#] ( -> ...Kd3)} 48. Nd6 Kc3 {[%emt 0:00:12] Black mates.} 49. Nxf7 Kxb3 50. Kf4 Kxa4 {[%emt 0:00:27] Weighted Error Value: White=0.37/Black=0.06 (flawless)} 0-1

[Event "USA Championship 2022"]
[Site "Saint Louis"]
[Date "2022.10.13"]
[Round "8.3"]
[White "So, Wesley"]
[Black "Swiercz, Dariusz"]
[Result "1/2-1/2"]
[ECO "C54"]
[WhiteElo "2774"]
[BlackElo "2652"]
[Annotator "TA"]
[PlyCount "79"]
[EventDate "2022.09.05"]
[EventType "tourn"]
[EventCountry "USA"]
[SourceTitle "playchess.com"]
[Source "ChessBase"]
[SourceQuality "1"]
[TimeControl "40/5400+30:1800+30"]

1. e4 e5 2. Nf3 Nc6 3. Bc4 Nf6 4. d3 Bc5 5. O-O d6 6. c3 a6 7. Re1 O-O 8. Bb3 h6 {[%emt 0:00:40] was the old line (8...Ba7).} 9. Nbd2 Be6 {[%emt 0:00:39] C54: Giuoco Piano: 4 c3 Nf6, main lines with 5 d4 and 5 d3.} 10. Bxe6 fxe6 11. b4 Ba7 12. Nf1 (12. h3 {keeps more tension.} Nh5 13. a4 Qf6 14. Nf1) 12... Ne7 {[%emt 0:06:54][%cal Bc6e7,Be7g6,Bg6f4][%mdl 32] [#]} (12... Nh5 {feels hotter.} 13. a4 Qf6 14. h3 Ne7) 13. Be3 $146 (13. a4 {is more complex.} Qe8 14. Rb1 Nh5 15. Ng3) ({Predecessor:} 13. a4 Ng6 14. Ra2 Rc8 15. h3 Rf7 16. Rc2 Qd7 17. Rb2 b5 18. Ng3 Rcf8 19. Ra2 {½-½ (27) Pagaime,A (1848)-Atkins,A (1500) ICCF email 2020}) 13... Bxe3 14. Rxe3 Ng6 15. h3 Nf4 16. Kh2 g5 17. g3 g4 18. Ng1 Nxh3 $1 19. Nxh3 gxh3 20. Kxh3 Qe8 (20... h5 $5 21. Rf3 Ng4 $11) 21. Qe2 Qg6 (21... a5 {looks sharper.} 22. Rf3 b5 23. a3 Qg6) 22. Nd2 h5 23. Rg1 (23. Kg2 $1 $11 {keeps the balance.}) 23... Rf7 24. Rf3 Raf8 25. Kg2 h4 26. Kf1 h3 27. Rh1 Rh7 28. Ke1 Rff7 29. g4 {[%emt 0:06:37] The position is equal.} h2 (29... Nxg4 $2 30. Rg3 Rf4 31. f3 $18) 30. Nf1 Rh4 (30... Qxg4 $2 31. Rg3 Qxg3 32. fxg3 $18) 31. Rxh2 Rxg4 32. Rfh3 Rh7 33. Qe3 Rxh3 34. Qxh3 Kf7 35. f3 Rg5 36. Qh8 {[%emt 0:00:30] [#] Qd8 is the strong threat.} Qg8 {[%emt 0:00:41] Against Qd8} 37. Qh6 Qg6 38. Qh8 {[%emt 0:00:04] Strongly threatening Qc8.} Qg8 {[%emt 0:00:03] Inhibits Qc8.} 39. Qh6 Qg6 40. Qh8 {[%emt 0:00:23] Weighted Error Value: White=0.07 (flawless) /Black=0.06 (flawless)} 1/2-1/2

[Event "USA Championship 2022"]
[Site "Saint Louis"]
[Date "2022.10.13"]
[Round "8.4"]
[White "Liang, Awonder"]
[Black "Shankland, Sam"]
[Result "1/2-1/2"]
[ECO "B53"]
[WhiteElo "2608"]
[BlackElo "2712"]
[Annotator "TA"]
[PlyCount "78"]
[EventDate "2022.09.05"]
[EventType "tourn"]
[EventCountry "USA"]
[SourceTitle "playchess.com"]
[Source "ChessBase"]
[SourceQuality "1"]
[TimeControl "40/5400+30:1800+30"]

1. e4 c5 2. Nf3 d6 3. d4 cxd4 4. Qxd4 Nf6 5. e5 Nc6 6. Qa4 {[%emt 0:00:10] B53: Sicilian: 2...d6: Lines with Qxd4.} Nd5 7. Bb5 Bd7 8. exd6 a6 {[%emt 0:05:15] [#]} 9. Be2 $146 ({Predecessor:} 9. Bxc6 Bxc6 10. Qe4 Qxd6 11. O-O Nb4 12. Qe2 Bxf3 13. gxf3 Qg6+ 14. Kh1 Nxc2 15. Nc3 Nxa1 {0-1 (21) Mori,R (512)-Kolanek,R (1963) LSS email 2011}) 9... e6 10. c4 b5 11. Qd1 ({Of course not} 11. cxb5 axb5 12. Qd1 b4 $11) 11... bxc4 12. Nc3 Ncb4 13. Bxc4 (13. Ne4 $1 $14 {was preferrable.}) 13... Bxd6 $11 14. Bxd5 Nxd5 ({Resist} 14... exd5 15. a3 Qe7+ 16. Be3 $16) 15. Nxd5 exd5 16. O-O Be6 {[%emt 0:02:27] [#]} 17. Bf4 $1 O-O 18. Bxd6 Qxd6 19. Nd4 a5 20. Re1 Bd7 21. Qd3 Rab8 22. b3 g6 23. Qg3 Qxg3 24. hxg3 a4 25. Rac1 axb3 26. axb3 Rb4 27. Red1 Rfb8 28. f3 h5 29. Rc7 Be6 30. Rc6 Rxd4 31. Rxd4 $16 {[%emt 0:00:04] aiming for b4.} Rxb3 $11 {[%emt 0:00:05][%mdl 4096] Endgame KRR-KRB} 32. Rc5 {[%emt 0:00:11] White is more active.} Rb1+ 33. Kh2 Kg7 34. Rcxd5 (34. Rc3 $16) 34... Bxd5 {[%emt 0:00:04] The position is equal.} 35. Rxd5 $16 {[%emt 0:00:04] KR-KR} Ra1 36. Rb5 Rc1 37. Rd5 Ra1 38. Rb5 Rc1 39. Rd5 Ra1 {[%emt 0:00:13] Weighted Error Value: White=0.07 (flawless) /Black=0.10 (very precise)} 1/2-1/2

[Event "USA Championship 2022"]
[Site "Saint Louis"]
[Date "2022.10.13"]
[Round "8.5"]
[White "Lenderman, Aleksandr"]
[Black "Dominguez Perez, Leinier"]
[Result "1/2-1/2"]
[ECO "E05"]
[WhiteElo "2535"]
[BlackElo "2747"]
[Annotator "TA"]
[PlyCount "76"]
[EventDate "2022.09.05"]
[EventType "tourn"]
[EventCountry "USA"]
[SourceTitle "playchess.com"]
[Source "ChessBase"]
[SourceQuality "1"]
[TimeControl "40/5400+30:1800+30"]

1. d4 Nf6 2. c4 e6 3. g3 d5 4. Bg2 Be7 5. Nf3 O-O 6. O-O dxc4 7. Qc2 b5 8. a4 {[%emt 0:00:19] E05: Open Catalan: 5 Nf3 Be7.} Bb7 9. axb5 a6 10. bxa6 Nxa6 11. Qxc4 Bd5 12. Qc3 c5 13. Be3 Ne4 14. Qe1 Nb4 15. Rxa8 Qxa8 16. Nc3 Nxc3 17. bxc3 Nc2 18. Qd2 Nxe3 19. Qxe3 h6 {[%emt 0:00:26] [#]} 20. Qf4 $146 ({Predecessor:} 20. Rd1 cxd4 21. cxd4 Rd8 22. Qf4 Qa4 23. Qd2 Bf6 24. e3 g6 25. h4 h5 26. Qe2 {1-0 (67) Martirosyan,H (2633)-Gavrilescu,D (2512) Terme Catez 2022}) 20... Rd8 21. c4 Be4 22. dxc5 Bxc5 23. Qe5 Bd6 {[%emt 0:24:49] This bishop pair is nice.} 24. Qc3 Rc8 25. Ra1 Qc6 26. Rc1 Bd5 27. Qd2 {[%emt 0:02:32] Threatens to win with Nd4.} Qc5 28. Nd4 {[%emt 0:03:29] And now Nb3 would win.} Bxg2 (28... Bxc4 $2 {[#]} 29. Nc6 $1 $18 ) 29. Kxg2 Bxg3 $2 30. hxg3 $2 ({Weaker is} 30. fxg3 Rd8 $11) ({White must play} 30. Kxg3 $18 {Strongly threatening Nf3.} Qd6+ 31. f4) 30... Rd8 $1 $11 {[%emt 0:00:02] The position is equal.} 31. e3 e5 {[%emt 0:00:01] [#]} 32. Qe2 $1 exd4 33. exd4 Rxd4 {[%emt 0:04:32] KQR-KQR} 34. Qe8+ Qf8 $1 35. Qc6 Qd6 36. Qe8+ Qf8 37. Qc6 Qd6 38. Qe8+ Qf8 {[%emt 0:00:02] Weighted Error Value: White=0.16 (very precise) /Black=0.22 (precise)} 1/2-1/2

[Event "USA Championship 2022"]
[Site "Saint Louis"]
[Date "2022.10.13"]
[Round "8.6"]
[White "Aronian, Levon"]
[Black "Niemann, Hans Moke"]
[Result "1/2-1/2"]
[ECO "C58"]
[WhiteElo "2755"]
[BlackElo "2699"]
[Annotator "TA"]
[PlyCount "114"]
[EventDate "2022.09.05"]
[EventType "tourn"]
[EventCountry "USA"]
[SourceTitle "playchess.com"]
[Source "ChessBase"]
[SourceQuality "1"]
[TimeControl "40/5400+30:1800+30"]

1. e4 e5 2. Nf3 Nc6 3. Bc4 Nf6 4. Ng5 d5 5. exd5 Na5 6. Bb5+ c6 7. dxc6 bxc6 8. Bd3 Nd5 {[%emt 0:00:24] C58: Two Knights: 4 Ng5 d5 5 exd5 Na5 sidelines.} 9. Nf3 (9. Qh5 g6 10. Nxf7 gxh5 $17) 9... Bd6 10. O-O Nf4 11. Nc3 {[%emt 0:00:27] Nowadays more popular than 11.Re1.} Nxd3 12. cxd3 O-O 13. b3 c5 14. Ba3 Ba6 15. Re1 Re8 {[%emt 0:12:41] [#]} 16. Re3 $146 ({Predecessor:} 16. Ne4 Bxd3 17. Nxd6 Qxd6 18. Rc1 Nb7 19. Re3 Rad8 20. Ne1 Bb5 21. Rec3 Qxd2 22. Qxd2 Rxd2 23. Bxc5 Rxa2 {0-1 (56) Lei,T (2535)-Vidit,S (2723) chess24.com INT 2022}) 16... Rc8 17. Ne4 {[%emt 0:09:27] Nfg5 is the strong threat.} Bf8 $1 18. Rc1 Nb7 (18... Nc6 {feels hotter.} 19. Bxc5 f5 20. Neg5 Bxc5 21. Rxc5 h6) 19. Ne1 Bb5 (19... f5 $5 20. Nc3 $8 g6 $11) 20. Bb2 Nd6 21. Nxd6 ({Of course not} 21. Rxc5 Rxc5 22. Nxc5 Nf5 $17) ({Don't play} 21. Nxc5 Nf5 22. b4 Nxe3 23. dxe3 a5 $15) (21. a4 $11 {is more appropriate.} Bd7 22. Nf3 (22. Nxc5 Nf5 $11) (22. Rxc5 Rxc5 23. Nxc5 Nf5 $11)) 21... Qxd6 $15 22. Rc3 g6 {[%emt 0:04:39][%mdl 1024] Black has compensation.} 23. Rc1 f6 24. Qc2 Red8 25. Rh3 Bd7 26. Rh4 Bb5 27. Rh3 Kg7 28. Re3 Qd5 29. Qc3 Rd6 30. Re4 g5 (30... Qc6 $5 ) 31. h4 {[%emt 0:06:42] [#] Threatens to win with hxg5.} h6 32. hxg5 hxg5 33. Rg4 Kf7 34. d4 {[%emt 0:01:09] The position is equal.} exd4 {[%emt 0:04:44] [#]} 35. Rxd4 Qxd4 36. Qxd4 Rxd4 37. Bxd4 {[%emt 0:00:04][%mdl 64] Pin} a5 38. Bc3 a4 39. bxa4 Bxa4 40. Rb1 Ra8 41. Rb7+ Kg6 42. Rb6 Be7 43. Nd3 {[%emt 0:00:05] Threatening Ne5+.} Kf7 44. Rb7 {[%emt 0:01:59] With the idea Nxc5.} Ke6 45. f4 c4 46. f5+ Kxf5 47. Rxe7 cxd3 $11 {[%emt 0:00:11][%mdl 4096] Endgame KRB-KRB} 48. Re3 Bc2 49. Rf3+ Kg4 50. Rxf6 Rxa2 51. Kf2 Ra4 52. Rf3 Rf4 53. Rxf4+ gxf4 54. Bb2 Bb1 55. Bc3 Bc2 56. Bb2 $1 Bb1 57. Bc3 Bc2 {[%emt 0:00:09] Weighted Error Value: White=0.06 (flawless) /Black=0.07 (flawless)} 1/2-1/2

[Event "USA Championship 2022"]
[Site "Saint Louis"]
[Date "2022.10.13"]
[Round "8.7"]
[White "Moradiabadi, Elshan"]
[Black "Robson, Ray"]
[Result "0-1"]
[ECO "C65"]
[WhiteElo "2534"]
[BlackElo "2690"]
[Annotator "TA"]
[PlyCount "76"]
[EventDate "2022.09.05"]
[EventType "tourn"]
[EventCountry "USA"]
[SourceTitle "playchess.com"]
[Source "ChessBase"]
[SourceQuality "1"]
[TimeControl "40/5400+30:1800+30"]

1. e4 e5 2. Nf3 Nc6 3. Bb5 Nf6 4. d3 Bc5 5. Bxc6 dxc6 6. Nbd2 {[%emt 0:00:19] C65: Ruy Lopez: Berlin Defence (3...Nf6), unusual lines and 4 0-0 Bc5.} Nd7 7. Nc4 f6 $1 {[%emt 0:01:27] 7...f6 scores better than 7...0-0.} 8. Be3 {[%emt 0:00:05] The position is equal.} Bxe3 9. Nxe3 Nc5 10. O-O Ne6 11. c3 c5 {[%emt 0:02:24] Prevents d4.} 12. Qc2 b6 13. Rfd1 {[%emt 0:05:22] [#]} Qd7 $146 ({Predecessor:} 13... O-O 14. Rd2 Kh8 15. Rad1 Qe8 16. d4 cxd4 17. cxd4 c5 18. dxc5 bxc5 19. Ne1 a5 {½-½ (39) Marten,G (2421)-Genga,S (2421) ICCF email 2020}) 14. a4 Ba6 15. b4 Rd8 16. b5 Bb7 17. Qb3 Qf7 18. g3 a5 19. bxa6 Bxa6 20. a5 b5 21. Nf5 O-O 22. Qc2 (22. d4 $11) 22... Kh8 23. d4 Qh5 $1 24. d5 Nf4 25. N5h4 {[%emt 0:01:42][%mdl 8192] Loses the game.} (25. Nd2 $15 g6 26. Nh4) 25... g5 $19 26. gxf4 gxh4 27. Qe2 exf4 ({Worse is} 27... b4 28. Qxa6 Qxf3 29. Qd3 Qg4+ 30. Kh1 $17) 28. Kf1 Rg8 {[%emt 0:01:05] [#] Strongly threatening ...Rde8.} 29. c4 $2 (29. Ke1) 29... bxc4 30. Ra3 Rb8 $2 (30... Rde8 31. Rc3 Qg6) 31. Rc3 Qg4 32. Ke1 Rge8 33. Nd2 $2 (33. Qc2) 33... Qg1+ 34. Qf1 Qg7 {[%emt 0:00:19] [#] aiming for ...f5.} 35. Rdc1 f5 36. f3 Qd4 37. Qf2 Rg8 38. Qxh4 Rb2 {[%emt 0:00:35] Weighted Error Value: White=0.61/Black=0.37} 0-1

[Event "USA Championship 2022"]
[Site "Saint Louis"]
[Date "2022.10.14"]
[Round "9.1"]
[White "Robson, Ray"]
[Black "Lenderman, Aleksandr"]
[Result "1/2-1/2"]
[ECO "D12"]
[WhiteElo "2690"]
[BlackElo "2535"]
[Annotator "TA"]
[PlyCount "177"]
[EventDate "2022.09.05"]
[EventType "tourn"]
[EventCountry "USA"]
[SourceTitle "playchess.com"]
[Source "ChessBase"]
[SourceQuality "1"]
[TimeControl "40/5400+30:1800+30"]

1. d4 d5 2. c4 c6 3. Nf3 Nf6 4. e3 Bf5 5. Nc3 e6 6. Nh4 Bg6 7. Be2 Nbd7 8. O-O Bd6 9. g3 O-O 10. Nxg6 hxg6 11. b3 Qe7 12. Bb2 Ba3 13. Bxa3 Qxa3 14. Qd2 Qe7 15. h4 Rfd8 16. Rfd1 Ne8 17. Kg2 Nd6 18. Rac1 Nf6 19. Bd3 dxc4 20. bxc4 c5 21. d5 b5 22. Nxb5 (22. cxb5 {is more complex.} exd5 23. a4 Rac8 24. Qa2) 22... exd5 23. Nxd6 Rxd6 24. cxd5 Rxd5 25. Qc2 Rad8 26. Be2 Rxd1 27. Bxd1 Rc8 28. Qc4 (28. Be2 {seems wilder.} Qb7+ 29. Kg1 Qe4 30. Ba6) 28... Nd7 29. Qg4 (29. Be2 {feels hotter.} Nb6 30. Qg4 Qd6 31. Ba6) 29... Rc7 30. Be2 Nf6 31. Qc4 Nd7 32. a4 Nb6 33. Qc2 Nd7 34. Qc4 Nb6 $1 35. Qc2 Nd7 $1 36. a5 Nf6 37. Qc4 Qd8 ({Black should play} 37... Qe4+ $14 38. Bf3 Qxc4 39. Rxc4 Kf8) 38. Rd1 Qe7 39. Bf3 (39. Bd3 {looks sharper.} Qd6 40. Bc2 Qc6+ 41. Kg1) 39... Nd7 40. Be2 Nf6 $1 41. Qb5 (41. Bd3 {is interesting.} Qd6 42. Bc2 Qc6+ 43. Kg1) 41... Kh7 42. Rc1 Rc8 43. Bf3 Rc7 44. Rc2 Rc8 (44... Nd7 $14) 45. a6 ({White should try} 45. Rc4 $16) 45... Rc7 $1 $14 46. Qb8 c4 47. Qb2 Qc5 48. Qd4 c3 49. Qxc5 Rxc5 50. Kf1 Nd7 51. Ke2 Ne5 52. Bb7 Nc6 53. Bxc6 Rxc6 54. e4 Kg8 55. Kd3 Rxa6 56. Rxc3 Rd6+ 57. Ke3 Rd8 58. Ra3 Rd7 59. e5 Kf8 60. f4 Ke7 61. g4 ({Better is} 61. Kf3 $14) 61... Rb7 $11 62. f5 gxf5 63. gxf5 Kf8 64. h5 Rb5 65. Kf4 Rb4+ 66. Kg5 Rb5 67. Rxa7 Rxe5 68. Ra8+ Ke7 69. Ra7+ Kf8 $1 70. Ra8+ (70. h6 $5 Kg8 71. hxg7 Kxg7 72. Rd7 $11) 70... Ke7 71. Rg8 Re1 (71... f6+ $2 72. Kg6 Re3 73. Rxg7+ Kf8 74. h6 Rg3+ 75. Kxf6 $18) 72. Rxg7 Rg1+ 73. Kh6 Rh1 74. Kg5 Rg1+ 75. Kh6 Rh1 76. f6+ Kxf6 77. Rg5 Rh2 78. Ra5 Rg2 79. Kh7 Ke6 80. Ra6+ Ke5 81. h6 f5 82. Rg6 Ra2 83. Kh8 f4 84. h7 f3 85. Rg3 Kf4 86. Rxf3+ Kxf3 87. Kg7 Ra7+ 88. Kg6 Rxh7 89. Kxh7 1/2-1/2

[Event "USA Championship 2022"]
[Site "Saint Louis"]
[Date "2022.10.14"]
[Round "9.2"]
[White "Dominguez Perez, Leinier"]
[Black "Sevian, Samuel"]
[Result "1/2-1/2"]
[ECO "C83"]
[WhiteElo "2747"]
[BlackElo "2684"]
[Annotator "TA"]
[PlyCount "226"]
[EventDate "2022.09.05"]
[EventType "tourn"]
[EventCountry "USA"]
[SourceTitle "playchess.com"]
[Source "ChessBase"]
[SourceQuality "1"]
[TimeControl "40/5400+30:1800+30"]

1. e4 e5 2. Nf3 Nc6 3. Bb5 a6 4. Ba4 Nf6 5. O-O Nxe4 6. d4 b5 7. Bb3 d5 8. dxe5 Be6 9. c3 Be7 10. Nbd2 O-O 11. Bc2 f5 12. Nb3 Qd7 13. Nfd4 Nxd4 14. Nxd4 c5 15. Nxe6 Qxe6 16. f3 Ng5 17. Bxg5 Bxg5 18. f4 Be7 19. Qf3 Rad8 20. Rfd1 g6 21. Rd2 Rd7 22. Rad1 Rfd8 23. h3 c4 24. b4 d4 25. Rxd4 Qb6 26. Qf2 Rxd4 27. Rxd4 a5 28. Rxd8+ $1 Bxd8 29. a3 axb4 30. axb4 Kf7 31. Kf1 (31. Bd1 {is interesting.} Ke6 32. Bf3 g5 33. fxg5 Qxf2+ 34. Kxf2 Bxg5 35. Bc6) 31... Qxf2+ 32. Kxf2 Ke6 33. Bd1 g5 34. Bf3 gxf4 35. Bc6 Bc7 36. Ke2 Bxe5 37. Kd2 h6 38. Bxb5 Kd5 39. Be8 Ke6 40. Bb5 Kd5 41. Be8 Ke6 42. Bg6 Bf6 43. Bh7 Kf7 44. Bxf5 Ke7 45. Bh7 Kf7 46. Kc2 h5 47. Bf5 Ke7 48. Be4 Ke6 49. Bh7 Kf7 $1 50. Bf5 Ke7 $1 51. Kd2 Bg5 52. Kd1 Bf6 {[%emt 0:00:13] [#]} 53. Kc2 $1 h4 54. Bg6 Ke6 55. Bh7 Kf7 56. Kb2 Be5 57. Bf5 Ke7 58. Bc8 Kd6 59. Ba6 Kd5 60. Bb5 Bf6 61. Kc2 Be5 62. Be8 Ke6 $1 63. Bg6 Bf6 64. Bh7 Kf7 $1 65. b5 Bd8 66. Kd1 Ba5 67. Kd2 Ke6 68. Bg8+ Kd6 69. Bxc4 Bb6 70. Bf7 Bf2 71. Kd3 Kc5 72. c4 Kb6 73. Ke4 Bg3 {[%emt 0:00:02] [#]} 74. Kd5 $1 Bf2 75. Bh5 Bg1 76. Be2 Bf2 77. Bf3 Bg1 78. Kd6 Bf2 79. Ke5 Bg3 80. Kf5 Kc5 81. Ke6 Kb6 82. Kd6 Bf2 83. Kd5 Bg1 $1 84. Ke5 Bh2 85. Kf6 Bg3 86. Kg5 Kc5 87. Kg4 Kb6 88. Be2 Kc5 89. Kf3 Kb6 90. Bf1 Kc5 91. Ke4 Kb6 92. Kd5 Bf2 93. Bd3 Bg1 94. Kd6 Bf2 95. Be2 Bg1 96. Bf1 Bf2 97. Kd5 Bg1 98. Ke5 Bh2 99. g4 (99. Kf6 $16) 99... fxg3 $11 100. Bg2 Bg1 101. Kf6 Bc5 102. Bd5 Bb4 103. Kg5 g2 (103... Be7+ $11 104. Kf5 Kc5) 104. Bxg2 $16 Be1 105. Kf5 Bf2 106. Bf1 Bg1 107. Kg4 Bf2 108. Kf3 Bc5 109. Kf4 Bg1 110. Kg4 Bf2 $1 111. Kf4 Bg1 $1 112. Kf5 Bf2 113. Kf4 Bg1 $1 1/2-1/2